 Dungeon Crawl Stone Soup version 0.31-a0-175-g9f7f995f2b (webtiles) character file.

Game seed: 16612790870112979703

57 pokeman the Magician (level 3, -2/20 HPs)
             Began as a Deep Elf Hedge Wizard on June 17, 2023.
             Slain by a gnoll bouda
             ... wielding a +0 club
              (11 damage)
             ... on level 2 of the Dungeon.
             The game lasted 00:02:06 (2158 turns).

pokeman the Magician (Deep Elf Hedge Wizard)        Turns: 2158, Time: 00:02:07

Health: -2/20      AC:  2    Str:  7    XL:     3   Next: 73%
Magic:  5/11       EV: 12    Int: 20    God:
Gold:   125        SH:  0    Dex: 14    Spells: 4/12 levels left

rFire   . . .        a - +0 dagger
rCold   . . .        (no shield)
rNeg    . . .        b - +0 robe
rPois   .            c - +0 hat
rElec   .            (no cloak)
rCorr   .            (no gloves)
SInv    .            (no boots)
Will    .....        (no amulet)
Stlth   +            (no ring)
HPRegen 0.23/turn    (no ring)
MPRegen 0.12/turn

%: no passive effects
@: confused
A: no striking features
a: no special abilities


You were on level 2 of the Dungeon.
You visited 1 branch of the dungeon, and saw 3 of its levels.

You collected 125 gold pieces.

Inventory:

Hand Weapons
 a - a +0 dagger (weapon)
Armour
 b - a +0 robe (worn)
 c - a +0 hat (worn)
Scrolls
 e - a scroll of enchant armour {unknown}
 i - 2 scrolls of identify {unknown}
 j - a scroll of fear {unknown}
 k - a scroll of teleportation {unknown}
 l - a scroll of noise {unknown}
 n - a scroll of blinking {unknown}
 o - a scroll of brand weapon {unknown}
 p - a scroll of immolation {unknown}
Potions
 d - a potion of magic
 f - 4 potions of curing {unknown}
 g - a potion of might {unknown}
 h - a potion of resistance {unknown}
 m - a potion of mutation {unknown}
 q - a potion of ambrosia {unknown}


   Skills:
 - Level 1.0 Fighting
 - Level 1.0 Armour
 + Level 2.5 Dodging
 + Level 2.4 Stealth
 * Level 5.3 Spellcasting
 + Level 2.0 Conjurations
 - Level 1.1 Summonings
 - Level 1.1 Translocations


You had 4 spell levels left.
You knew the following spells:

 Your Spells              Type           Power      Damage    Failure   Level
a - Magic Dart            Conj           52%        1d5       4%          1
b - Mephitic Cloud        Conj/Pois/Air  8%         N/A       26%         3
c - Call Imp              Summ           18%        N/A       11%         2
d - Blink                 Tloc           18%        N/A       11%         2

Your spell library contained the following spells:

 Spells                   Type           Power      Damage    Failure   Level
 Freeze                   Ice            20%        1d4       11%         1
 Slow                     Hex            20%        N/A       11%         1
 Cigotuvi's Dreadful Rot  Necr/Pois/Air  10%        N/A       17%         2
 Ensorcelled Hibernation  Hex/Ice        10%        N/A       17%         2
 Passwall                 Tmut/Erth      4%         N/A       17%         2
 Gell's Gravitas          Tloc           9%         N/A       22%         3
 Hailstorm                Conj/Ice       9%         3d4       22%         3
 Teleport Other           Tloc           9%         N/A       22%         3
 Frozen Ramparts          Ice            10%        1d2       32%         3
 Swiftness                Air            5%         N/A       32%         3
 Dispersal                Tloc           4%         N/A       100%        6


Dungeon Overview and Level Annotations

Branches:
Dungeon (3/15)

Altars:


Message History

Unknown command.
Casting: Magic Dart (safe; 5% risk of failure)
Confirm with . or Enter, or press ? or * to list all spells.
Aiming: Magic Dart (safe; 5% risk of failure)
Press: ? - help, Shift-Dir - straight line, f/p - gnoll
Aim: a gnoll, wielding a +0 club (almost dead, 100% to hit)
The magic dart hits the gnoll.
You kill the gnoll!
Your Fighting skill increases to level 1!
Your Conjurations skill increases to level 2!
A gnoll bouda comes into view. It is wielding a +0 club.
Unknown command.
Unknown command.
The gnoll bouda moves out of view.
There is a stone staircase leading up here.
You start resting.
A gnoll bouda is nearby!
The gnoll bouda barks out a call to the hunt!
A gnoll comes into view. It is wielding a +0 flail.
The gnoll bouda hits you with a +0 club!
Ouch! That really hurt!
You climb upwards.
There is a stone staircase leading down here.
Casting: Magic Dart (safe; 4% risk of failure)
Confirm with . or Enter, or press ? or * to list all spells.
The spell is extremely dangerous to miscast (26% risk of failure)!
Continue anyway?
Aiming: Mephitic Cloud (extremely dangerous; 26% risk of failure)
Press: ? - help, Shift-Dir - straight line, f - gnoll bouda
Aim: a gnoll bouda, wielding a +0 club and wearing a +0 leather armour (chance to affect: 86%) That beam is likely to hit you.
Continue anyway?
The ball explodes into a vile cloud!
The stinking cloud engulfs the gnoll bouda but does no damage.
The stinking cloud engulfs you but does no damage.
You are engulfed in noxious fumes.
You choke on the stench!
You are confused.
The gnoll bouda is engulfed in noxious fumes.
The gnoll bouda appears confused.
The gnoll bouda hits you with a +0 club!
Ouch! That really hurt!
You die...

#########.............._#
#.......................#
#......####.####.....####
#......# #.# #.....# ####
#......# #.# #.....# #...
#......# #.# #.....# #...
#......####'##############...
#..............#........##...
###.........@ā˜¼...............
#.........ā—‹gā—‹#........##...
#########.#########....#... #.#
#....#... #.# #....#.^. #.#
#........ #.# ##.##.... #.#
#....... #.# ###.....


You could see a gnoll bouda (confused).

Vanquished Creatures
  A gnoll (D:3)
  An adder (D:2)
  2 dart slugs (D:1)
  3 ball pythons
  7 endoplasms
  A giant cockroach (D:1)
  4 goblins
  3 hobgoblins
  2 jackals (D:1)
  2 bats (D:1)
  2 frilled lizards (D:1)
  A kobold (D:1)
  2 rats (D:1)
31 creatures vanquished.

Notes
Turn   | Place    | Note
-------+----------+-------------------------------------------
     0 | D:1      | pokeman the Deep Elf Hedge Wizard began the quest for the
                  | Orb.
     0 | D:1      | Reached XP level 1. HP: 10/10 MP: 7/7
   214 | D:1      | Reached XP level 2. HP: 13/15 MP: 1/9
   731 | D:1      | Reached skill level 5 in Spellcasting
  1011 | D:1      | Reached XP level 3. HP: 20/20 MP: 4/11
  1015 | D:1      | Learned a level 3 spell: Mephitic Cloud
  1018 | D:1      | Learned a level 2 spell: Call Imp
  1021 | D:1      | Learned a level 2 spell: Blink
  1545 | D:2      | Found a faded altar of an unknown god.
  1774 | D:2      | Reached skill level 1 in Armour
  2143 | D:3      | Reached skill level 1 in Fighting
  2158 | D:2      | Slain by a gnoll bouda

Illustrated notes

Levels and vault maps discovered:
D:1:      denvon_arrival_waterhouse, layout_loops_corners, minmay_cupped
D:2:      layout_basic, basic_ecumenical_altar
D:3:      layout_loops_ring, nemelex_spade_bored_becter, bloody_makhleb,
          gammafunk_ghost_split, serial_shops, nicolae_shop_stone, shop,
          nicolae_shop_statue_plus, minivault_25

Skill      XL: |  1  2  3 |
---------------+----------+-----
Spellcasting   | 5 |  5.3
Armour         | 1 |  1.0
Fighting       | 1 |  1.0
Conjurations   | 2 |  2.0
Dodging        | |  2.5
Stealth        | |  2.4
Summonings     | |  1.1
Translocations | |  1.1

Action                     || total
---------------------------++-------
  Melee: Dagger            ||    10
   Cast: Magic Dart        ||    78
         Mephitic Cloud    ||     1
   Stab: Sleeping          ||     2
 Armour: Robe              ||     3
  Dodge: Dodged            ||    11

Table legend: (Time is in decaauts)
 A = Elapsed time spent in this place.
 B = Non-inter-level travel time spent in this place.
 C = Inter-level travel time spent in this place.
 D = Time resting spent in this place.
 E = Time spent auto-exploring this place.
 F = Levels seen in this place.
 G = Mean time per level.
                   A        B        C        D        E       F      G
               +--------+--------+--------+--------+--------+-----+--------+
         Total |   2158 |   2124 |     34 |     72 |   1854 |   3 |  719.3 |
       Dungeon |   2158 |   2124 |     34 |     72 |   1854 |   3 |  719.3 |
               +--------+--------+--------+--------+--------+-----+--------+

Top non-repeatable levels by time:
     D:1: 1400 daAuts
     D:2: 689 daAuts
     D:3: 68 daAuts
